 Dungeon Crawl Stone Soup version 0.31-a0-844-gdc52ec4e09 (webtiles) character file.

Game seed: 16088401667486651585

108 LeprechaunX the Changeling (level 4, 0/29 HPs)
             Began as an Octopode Shapeshifter on Sept 29, 2023.
             Succumbed to an orc wizard's poison
             ... on level 3 of the Dungeon.
             The game lasted 00:01:40 (2205 turns).

LeprechaunX the Changeling (Octopode Shapeshifter)  Turns: 2205, Time: 00:01:41

Health: 0/29       AC:  1    Str: 15    XL:     4   Next: 87%
Magic:  4/4        EV: 13    Int: 12    God:
Gold:   111        SH:  0    Dex: 11    Spells: 3/3 levels left

rFire   . .          .
                       - Unarmed
rCold   . . .        (no shield)
rNeg    . . .        (helmet currently unavailable)
rPois   .            (no amulet)
rElec   .            (no ring)
rCorr   .            (no ring)
SInv    .            (no ring)
Will    .....        (no ring)
Stlth   ++           (no ring)
HPRegen 0.24/turn    (no ring)
MPRegen 0.09/turn    (no ring)
                     (no ring)

%: no passive effects
@: lethally poisoned (0 -> -14), beast-form
A: beast (slay +2), almost no armour, amphibious, 8 rings, camouflage 1,
gelatinous body 1, (nimble swimmer 1), tentacles
a: Begin Untransformation


You were on level 3 of the Dungeon.
You were a hulking beast.
You visited 1 branch of the dungeon, and saw 3 of its levels.

You collected 111 gold pieces.

Inventory:

Missiles
 d - 2 poisoned darts (quivered)
Talismans
 b - a beast talisman (active)
 c - a flux talisman
Wands
 p - a wand of charming (5)
Scrolls
 e - 3 scrolls of identify {unknown}
 g - a scroll of torment {unknown}
 h - a scroll of fear {unknown}
 j - a scroll of enchant armour {unknown}
 n - a scroll of teleportation {unknown}
 o - a scroll of noise {unknown}
Potions
 a - a potion of lignification
 f - 2 potions of curing {unknown}
 i - 3 potions of brilliance {unknown}
 k - a potion of cancellation {unknown}
 l - 2 potions of invisibility {unknown}
 m - a potion of berserk rage {unknown}


   Skills:
 + Level 2.0 Fighting
 + Level 2.7 Dodging
 + Level 3.6 Unarmed Combat
 * Level 4.0 Shapeshifting


You had 3 spell levels left.
You didn't know any spells.
Your spell library contained the following spells:

 Spells                   Type           Power      Damage    Failure   Level
 Gell's Gravitas          Tloc           0%         N/A       69%         3
 Teleport Other           Tloc           0%         N/A       69%         3
 Tukima's Dance           Hex            0%         N/A       69%         3
 Dimensional Bullseye     Hex/Tloc       0%         N/A       97%         4
 Iskenderun's Mystic Bla  Conj/Tloc      0%         2d3       97%         4
 Dispersal                Tloc           0%         N/A       100%        6


Dungeon Overview and Level Annotations

Branches:
Dungeon (3/15)

Altars:
Kikubaaqudgha
Vehumet


Innate Abilities, Weirdness & Mutations

You are a hulking beast.
Your limbs bulge with bestial killing power. (Slay +2)
You cannot wear most types of armour.
You are amphibious.
You can wear up to eight rings at the same time.
Your skin changes colour to match your surroundings (Stealth+).
Your rubbery body absorbs attacks. (AC +1, EV +1)
((You are camouflaged when in or above water. (Stealth+)))
You have tentacles for arms and can constrict up to eight enemies at once.


Message History

You closely miss the orc wizard. Your grab misses the orc wizard.
The orc wizard hits you with a +1 dagger of venom.
You are poisoned.
You miss the orc wizard. You grab the orc wizard. You constrict the orc wizard.
You feel sick.
The orc wizard hits you with a +1 dagger of venom.
You barely miss the orc wizard.
The orc wizard is lightly wounded.
You constrict the orc wizard.
You feel sick. The orc wizard misses you.
You tentacle-slap the orc wizard.
The orc wizard is moderately wounded.
You constrict the orc wizard, but do no damage.
You feel sick.
The orc wizard hits you with a +1 dagger of venom.
You are too injured to fight recklessly!
You are too injured to fight recklessly!
You are too injured to fight recklessly!
You are too injured to fight recklessly!
You tentacle-slap the orc wizard.
The orc wizard is heavily wounded.
You constrict the orc wizard.
You feel sick.
The orc wizard hits you with a +1 dagger of venom.
You are lethally poisoned!
You barely miss the orc wizard.
The orc wizard is heavily wounded.
You constrict the orc wizard.
* * * LOW HITPOINT WARNING * * *
You feel very sick.
The orc wizard hits you with a +1 dagger of venom.
* * * LOW HITPOINT WARNING * * *
You are more poisoned.
You tentacle-slap the orc wizard.
The orc wizard is severely wounded.
You constrict the orc wizard.
* * * LOW HITPOINT WARNING * * *
You feel very sick. The orc wizard barely misses you.
You tentacle-slap the orc wizard.
You kill the orc wizard!
You die...

######### #._.#._.#
.#########
#...#.).#..........#
##+###'###h##..........#
#.....).....#..........#
#....⌠.⌠....#..........#
##....⌠....##.......†..#
##..⌠.⌠..##..........†####
##.....###..............#
###.###................#
#†...................#
#.....................


There were no monsters in sight!

Vanquished Creatures
  2 orc wizards (D:3)
  3 adders (D:2)
  4 worms
  A dart slug (D:3)
  An orc (D:2)
  6 ball pythons
  5 bats
  3 endoplasms
  2 giant cockroaches
  A goblin (D:2)
  A hobgoblin (D:3)
  5 quokkas
  A frilled lizard (D:2)
  5 kobolds
  5 rats
45 creatures vanquished.

Notes
Turn   | Place    | Note
-------+----------+-------------------------------------------
     0 | D:1      | LeprechaunX the Octopode Shapeshifter began the quest for
                  | the Orb.
     0 | D:1      | Reached XP level 1. HP: 13/13 MP: 1/1
   528 | D:1      | Reached XP level 2. HP: 18/18 MP: 2/2
   960 | D:2      | Reached XP level 3. HP: 7/23 MP: 3/3
  1293 | D:2      | Reached XP level 4. HP: 24/29 MP: 4/4
  2091 | D:3      | Found an ancient bone altar of Kikubaaqudgha.
  2106 | D:3      | Reached skill level 4 in Shapeshifting
  2196 | D:3      | Found a radiant altar of Vehumet.
  2205 | D:3      | Succumbed to an orc wizard's poison

Illustrated notes

Levels and vault maps discovered:
D:1:      kilobyte_arrival_exit_the_forest, layout_basic, roderic_roman_lattice
D:2:      minmay_recursive_quarters, layout_basic, kennysheep_generic_room_15
D:3:      layout_basic, palyth_temple_overflow_mages,
          mainiacjoe_overflow_alcove_2, chequers_serial_rivers_marsh,
          uniq_crazy_yiuf_cottage, uniq_robin

Skill      XL: |  1  2  3  4 |
---------------+-------------+-----
Fighting       | 2 |  2.0
Shapeshifting  | 4 |  4.0
Dodging        | |  2.7
Unarmed Combat | |  3.6

Action                     |  1- 3 |  4- 6 || total
---------------------------+-------+-------++-------
  Melee: Unarmed           |    55 |    42 ||    97
         Tentacles         |    15 |     5 ||    20
         Constrict         |    12 |    11 ||    23
         Punch             |     2 |       ||     2
   Stab: Sleeping          |     8 |     3 ||    11
 Armour: Skin              |    25 |    19 ||    44
  Dodge: Dodged            |    40 |    14 ||    54

Table legend: (Time is in decaauts)
 A = Elapsed time spent in this place.
 B = Non-inter-level travel time spent in this place.
 C = Inter-level travel time spent in this place.
 D = Time resting spent in this place.
 E = Time spent auto-exploring this place.
 F = Levels seen in this place.
 G = Mean time per level.
                   A        B        C        D        E       F      G
               +--------+--------+--------+--------+--------+-----+--------+
         Total |   2199 |   2151 |     48 |    180 |   1711 |   3 |  733.0 |
       Dungeon |   2199 |   2151 |     48 |    180 |   1711 |   3 |  733.0 |
               +--------+--------+--------+--------+--------+-----+--------+

Top non-repeatable levels by time:
     D:1: 893 daAuts
     D:2: 859 daAuts
     D:3: 446 daAuts
